 Dungeon Crawl Stone Soup version 0.29.1-15-g9cfb28693d (webtiles) character file.

Game seed: 11520577870899399924

8062 Wiggles the Severer (level 11, -4/80 (82) HPs)
             Began as a Minotaur Berserker on Mar 29, 2023.
             Was a High Priest of Trog.
             Slain by an ogre
             ... wielding a +0 giant club
             ... led by Lodul
              (10 damage)
             ... on level 10 of the Dungeon.
             The game lasted 00:18:05 (8926 turns).

Wiggles the Severer (Minotaur Berserker)            Turns: 8926, Time: 00:18:06

HP:   -4/80 (82)    AC: 17    Str: 27    XL:     11   Next: 5%
MP:   10/10         EV:  7    Int:  4    God:    Trog [*****.]
Gold: 221           SH:  0    Dex:  9    Spells: 10/10 levels left

rFire   . . .      SeeInvis .   f - +0 battleaxe (venom)
rCold   . . .      Faith    .   (shield currently unavailable)
rNeg    . . .      Spirit   .   v - +3 plate armour
rPois   .          Reflect  .   (helmet restricted)
rElec   .          Harm     .   (no cloak)
rCorr   .          Rampage  .   (no gloves)
Will    .....                   c - +2 pair of boots
Stlth   ..........              t - amulet of regeneration
HPRegen 1.03/turn               (no ring)
MPRegen 0.12/turn               (no ring)

@: on berserk cooldown, slowed, lightly drained, very slow
A: horns 2, retaliatory headbutt
a: Renounce Religion, Berserk, Trog's Hand, Brothers in Arms


You were on level 10 of the Dungeon.
You worshipped Trog.
Trog was extremely pleased with you.
You visited 1 branch of the dungeon, and saw 10 of its levels.
You also visited: Ossuary.

You collected 534 gold pieces.
You spent 313 gold pieces at shops.

Inventory:

Hand Weapons
 f - a +0 battleaxe of venom (weapon)
Armour
 c - a +2 pair of boots (worn)
 v - a +3 plate armour (worn)
Jewellery
 k - an amulet of magic regeneration
 m - a ring of magical power
 n - an amulet of reflection
 t - an amulet of regeneration (around neck)
Wands
 a - a wand of mindburst (13)
 w - a wand of flame (55)
Scrolls
 d - 9 scrolls of teleportation
 h - 5 scrolls of identify
 o - 2 scrolls of blinking
 s - a scroll of fear {unknown}
 u - 2 scrolls of butterflies
 x - a scroll of immolation
 z - a scroll of brand weapon
Potions
 b - 4 potions of lignification
 e - a potion of ambrosia
 g - 4 potions of curing
 i - 5 potions of flight
 j - 4 potions of brilliance
 l - a potion of invisibility
 p - 2 potions of haste
 q - 2 potions of attraction
 r - 2 potions of mutation
Miscellaneous
 y - a phial of floods


   Skills:
 - Level 3.6 Fighting
 + Level 19.7 Axes
 - Level 2.4 Armour
 - Level 2.1 Dodging
 + Level 1.7 Stealth


You had 10 spell levels left.
You didn't know any spells.
Your spell library was empty.

Dungeon Overview and Level Annotations

Branches:
Dungeon (10/15)            Temple (0/1) D:6         Ossuary (visited)
   Lair: D:8-11         Orc: D:9-12

Altars:
Ashenzari
Dithmenos
Fedhas
Gozag
Hepliaklqana
Makhleb
Okawaru
Qazlal
Sif Muna
Trog
Uskayaw
Xom
Yredelemnul
The Shining One

Shops:
D:8 [

Annotations:
D:10 Lodul


Innate Abilities, Weirdness & Mutations

You have a pair of horns on your head.
You reflexively headbutt those who attack you in melee.


Message History

You are no longer berserk.
You are exhausted.
You feel yourself slow down. The ogre hits you with a +0 giant club!
An ogre comes into view. It is wielding a +0 giant spiked club.
The ogre hits you but does no damage. The ogre closely misses you.
The ogre hits you with a +0 giant club.
Lodul the Thundrous comes into view.
He is wielding a +3 dire flail of draining.
Things that are here:
a +0 club; a +0 ring mail; an orc corpse You slash the ogre!
The ogre is poisoned.
The ogre is moderately wounded.
You slash the ogre!
The ogre looks as sick as possible!
You barely miss the ogre. The ogre closely misses you.
The ogre barely misses you.
An acid dragon comes into view.
You slice the ogre!!
The ogre is almost dead.
You hit the ogre. You barely miss the ogre. You slash the ogre!
The ogre is poisoned.
You kill the ogre!
Trog accepts your kill. The ogre hits you but does no damage.
The ogre hits you with a +0 giant club!!
* * * LOW HITPOINT WARNING * * *
Lodul shouts, "Intruder!"
The ogre hits you but does no damage.
You kill the ogre!
Trog accepts your kill. The ogre hits you but does no damage.
Things that are here:
a +0 giant club; an ogre corpse You feel better.
Lodul hits you with a +3 dire flail of draining!
* * * LOW HITPOINT WARNING * * *
You feel drained.
* * * LOW HITPOINT WARNING * * *
The ogre hits you with a +0 giant spiked club!
* * * LOW HITPOINT WARNING * * *
The ogre hits you with a +0 giant club!
You die...

########......# ......
............##.#
.....#.............#.^
....#.............#..
#...#.............#..
#......#######....###
#......#..# #....#..
#......#..# #....#..
#.DO@..#..#..#.......
#.OOO)....#..#.......
........#))...#..#.......
........#..#..#..#.......
........#..####..#.......
........#........#.......
........#........#.......
........#........#.......
........#..####..#.......


You could see Lodul, an acid dragon and 3 ogres.

Vanquished Creatures
  Urug (D:10)
  A tengu warrior (D:8)
  Pikel (D:7)
  Joseph (D:7)
  A troll (D:10)
  Grinder (D:5)
  Prince Ribbit (D:8)
  A vampire (D:9)
  2 wraiths (D:9)
  2 wyverns
  4 steam dragons
  Duvessa (D:7)
  2 water moccasins
  2 ice beasts (D:7)
  2 orc warriors
  A black bear (D:6)
  6 ogres
  4 centaurs
  2 kobold brigands
  Blork the orc (D:5)
  2 elf zombies
  3 bullfrogs
  2 necrophages
  A gnoll sergeant (D:6)
  2 elf skeletons (D:4)
  2 water moccasin zombies (D:5)
  7 wights
  Dowan (D:7)
  3 howler monkeys
  4 crimson imps (D:6)
  A bullfrog zombie (D:5)
  2 hounds
  A lava snake (D:8)
  2 centaur zombies
  A gnoll bouda (D:8)
  5 orc priests
  6 human zombies
  A jelly (D:5)
  An iguana (D:6)
  4 orc wizards
  A killer bee zombie (D:5)
  A hound zombie (D:5)
  2 mummies (Ossuary)
  10 adders
  10 gnolls
  A shadow imp (D:6)
  3 white imps
  An adder zombie (Ossuary)
  A worm (D:2)
  3 dart slugs
  21 orcs
  6 endoplasms
  5 giant cockroaches
  6 goblins
  6 hobgoblins
  4 jackals (D:1)
  4 quokkas
  4 ball pythons
  4 bats
  5 frilled lizards
  A goblin zombie (Ossuary)
  7 hobgoblin zombies (Ossuary)
  A jackal zombie (Ossuary)
  15 kobolds
  14 kobold zombies (Ossuary)
  2 orc skeletons (D:4)
  10 orc zombies
  5 rats
241 creatures vanquished.

Vanquished Creatures (others)
  8 plants (D:2)
8 creatures vanquished.

Grand Total: 249 creatures vanquished

Notes
Turn   | Place    | Note
-------+----------+-------------------------------------------
     0 | D:1      | Wiggles the Minotaur Berserker began the quest for the Orb.
     0 | D:1      | Reached XP level 1. HP: 19/19 MP: 0/0
   158 | D:1      | Reached skill level 4 in Axes
   289 | D:1      | Reached XP level 2. HP: 26/26 MP: 1/1
   654 | D:1      | Reached skill level 5 in Axes
   880 | D:1      | Reached XP level 3. HP: 31/31 MP: 2/2
   892 | D:1      | Found a faded altar of an unknown god.
  1077 | D:2      | Reached ** piety under Trog
  1941 | D:3      | Reached XP level 4. HP: 38/39 MP: 3/3
  1973 | D:3      | Reached skill level 6 in Axes
  2531 | D:4      | Reached XP level 5. HP: 39/45 MP: 4/4
  2544 | D:4      | Reached skill level 7 in Axes
  2581 | D:4      | Found a sand-covered staircase.
  2597 | D:4      | Reached skill level 8 in Axes
  2597 | D:4      | Reached XP level 6. HP: 50/51 MP: 5/5
  2600 | Ossuary  | Entered an ossuary
  2631 | Ossuary  | Reached *** piety under Trog
  2721 | Ossuary  | Reached skill level 1 in Stealth
  2734 | Ossuary  | Reached skill level 9 in Axes
  2739 | Ossuary  | Reached XP level 7. HP: 57/57 MP: 6/6
  2869 | D:4      | Reached skill level 10 in Axes
  2945 | D:4      | Reached **** piety under Trog
  3178 | D:4      | Found a stormy altar of Qazlal.
  3423 | D:5      | Entered Level 5 of the Dungeon
  3547 | D:5      | Noticed Grinder
  3549 | D:5      | Paralysed by Grinder for 3 turns
  3562 | D:5      | Killed Grinder
  3563 | D:5      | Reached skill level 11 in Axes
  3563 | D:5      | Reached XP level 8. HP: 53/64 MP: 7/7
  3651 | D:5      | Noticed Blork the orc
  3658 | D:5      | Killed Blork the orc
  3666 | D:5      | Reached skill level 12 in Axes
  3800 | D:5      | Found a basalt altar of Yredelemnul.
  3839 | D:5      | Reached skill level 13 in Axes
  4120 | D:5      | Found a hazy altar of Hepliaklqana.
  4437 | D:6      | Found a shadowy altar of Dithmenos.
  4453 | D:6      | Reached skill level 14 in Axes
  4521 | D:6      | Found a staircase to the Ecumenical Temple.
  4566 | D:6      | Reached XP level 9. HP: 70/70 MP: 8/8
  5068 | D:6      | Found a shimmering altar of Xom.
  5211 | D:6      | Found a shimmering blue altar of Sif Muna.
  5355 | D:7      | Reached skill level 15 in Axes
  5367 | D:7      | Found a burning altar of Makhleb.
  5583 | D:7      | Noticed Duvessa
  5583 | D:7      | Noticed Dowan
  5584 | D:7      | Noticed Pikel
  5588 | D:7      | Killed Duvessa
  5593 | D:7      | Killed Dowan
  5595 | D:7      | Killed Pikel
  5596 | D:7      | Reached skill level 16 in Axes
  6005 | D:7      | Reached XP level 10. HP: 67/77 MP: 9/9
  6031 | D:7      | Noticed Joseph
  6045 | D:7      | Killed Joseph
  6046 | D:7      | Reached skill level 17 in Axes
  6049 | D:7      | Reached ***** piety under Trog
  6441 | D:8      | Found Icuasib's Antique Armour Boutique.
  6444 | D:8      | Bought a masterwork scale mail for 171 gold pieces
  6444 | D:8      | Identified the +1 scale mail "Potsesau" {Int+4} (You bought
                  | it in a shop on level 8 of the Dungeon)
  6445 | D:8      | Bought a runed chain mail for 142 gold pieces
  6501 | D:8      | Found a blossoming altar of Fedhas.
  6559 | D:8      | Found an iron altar of Okawaru.
  6559 | D:8      | Found a hide-covered altar of Uskayaw.
  6564 | D:8      | Noticed a tengu warrior
  6584 | D:8      | Identified the +4 chain mail "Ymonysk" {Rampage rF+ rN+
                  | Int-5}
  6666 | D:8      | Found an opulent altar of Gozag.
  6996 | D:8      | Found a bloodstained altar of Trog.
  7021 | D:8      | Killed a tengu warrior
  7022 | D:8      | Reached skill level 18 in Axes
  7123 | D:8      | Noticed Prince Ribbit
  7143 | D:8      | Killed Prince Ribbit
  7994 | D:9      | Found a glowing golden altar of the Shining One.
  8047 | D:9      | Found a broken altar of Ashenzari.
  8208 | D:9      | Reached skill level 19 in Axes
  8519 | D:9      | Identified the +4 scale mail of the Twelve Shrikes {rElec
                  | rN++}
  8696 | D:10     | Entered Level 10 of the Dungeon
  8904 | D:10     | Noticed Urug
  8917 | D:10     | Killed Urug
  8918 | D:10     | Reached XP level 11. HP: 75/82 MP: 10/10
  8922 | D:10     | Noticed Lodul
  8926 | D:10     | Slain by an ogre

Illustrated notes

Levels and vault maps discovered:
D:1:      giann_horns, layout_basic, hellmonk_ecumenical_altar_defaced_shrine,
          minmay_tetromino_o2
D:2:      layout_rooms, serial_forest, infiniplex_forest_end_2,
          infiniplex_forest_lined_3, infiniplex_forest_corner_1,
          infiniplex_forest_clump_double, infiniplex_forest_zigzag_1,
          infiniplex_forest_3_way, infiniplex_forest_clump_double
D:3:      layout_basic
D:4:      nicolae_BIG_FREAKIN_CUBE, layout_cave_pools,
          nicolae_qazlal_general_emergency, nicolae_ossuary_entry_catacombs
D:5:      layout_loops_ring, nicolae_hepliaklqana_hippocampus,
          nicolae_yredelemnul_corpse_copse, uniq_grinder, uniq_blork_the_orc
D:6:      layout_loops_ring, nicolae_overflow_hidden_temple, led_xom_imps,
          nicolae_dithmenos_shadow_blocks, minmay_temple_entry_hall,
          roderic_serpentine_path
D:7:      layout_basic, mainiacjoe_overflow_boulevard, nrook_uturn, uniq_joseph,
          uniq_pikel, uniq_duvessa
D:8:      layout_basic, mainiacjoe_overflow_brackets, lemuel_crystal_altar,
          lemuel_crystal_altar, chequers_temple_overflow_statue_of_worship,
          serial_shops, kennysheep_mini_moat, kennysheep_island_fort,
          uniq_prince_ribbit1
D:9:      layout_roguey, evilmike_ruin_ashenzari, tso_metal_star,
          nzn_life_drinkers
D:10:     layout_grid_maze, nicolae_transporter_circle, uniq_lodul, uniq_urug,
          uniq_fannar

Skill      XL: |  1  2  3  4  5  6  7  8  9 10 |
---------------+-------------------------------+-----
Axes           | 4 5 6 8 9 11 14 16 19 | 19.7
Stealth        | 1 |  1.7
Fighting       | |  3.6
Armour         | |  2.4
Dodging        | |  2.1

Action                   |  1- 3 |  4- 6 |  7- 9 | 10-12 || total
-------------------------+-------+-------+-------+-------++-------
Melee: Hand axe          |    99 |   174 |   188 |       ||   461
       Headbutt          |     9 |    34 |    48 |    20 ||   111
       Punch             |       |     4 |     3 |       ||     7
       War axe           |       |       |    67 |       ||    67
       Battleaxe         |       |       |    31 |   158 ||   189
Invok: Berserk           |       |     1 |     4 |     3 ||     8
Evoke: Wand              |       |       |       |     1 ||     1
  Use: Scroll            |       |       |    20 |     6 ||    26
       Potion            |       |       |       |     1 ||     1
Armor: Animal skin       |    26 |       |       |       ||    26
       Scale mail        |    13 |    80 |     6 |       ||    99
       Plate armour      |       |       |   159 |    84 ||   243
Dodge: Dodged            |    50 |    56 |   103 |    58 ||   267
